 Dungeon Crawl Stone Soup version 0.29.1-2-gbd0b4ee654 (webtiles) character file.

Game seed: 10578967598313153110

18 GorkyZ the Chopper (level 2, -3/18 HPs)
             Began as a Gargoyle Gladiator on Nov 23, 2022.
             Slain by Sigmund
             ... wielding a +0 scythe
              (6 damage)
             ... on level 2 of the Dungeon.
             The game lasted 00:02:46 (1022 turns).

GorkyZ the Chopper (Gargoyle Gladiator)             Turns: 1022, Time: 00:02:46

Health: -3/18      AC: 14    Str: 17    XL:     2   Next: 66%
Magic:  2/2        EV:  5    Int:  8    God:
Gold:   48         SH:  0    Dex: 11    Spells: 1/1 levels left

rFire   . . .      SeeInvis .   g - +0 hand axe
rCold   . . .      Faith    .   (no shield)
rNeg    + . .      Spirit   .   j - +0 plate armour
rPois   ∞          Reflect  .   c - +0 helmet
rElec   +          Harm     .   (no cloak)
rCorr   .          Rampage  .   (no gloves)
Will    .....                   (no boots)
Stlth   ..........              (no amulet)
HPRegen 0.06/turn               (no ring)
MPRegen 0.08/turn               (no ring)

@: no status effects
A: sickness immunity, AC +2, negative energy resistance 1, electricity
resistance, torment resistance 1, petrification resistance
a: no special abilities


You were on level 2 of the Dungeon.
You visited 1 branch of the dungeon, and saw 2 of its levels.

You collected 48 gold pieces.

Inventory:

Hand Weapons
 a - a +0 war axe
 g - a +0 hand axe (weapon)
Missiles
 d - 3 throwing nets (quivered)
 e - a javelin
Armour
 b - a +0 leather armour
 c - a +0 helmet (worn)
 j - a +0 plate armour (worn)
Potions
 f - a potion of ambrosia {unknown}
 h - a potion of heal wounds {unknown}
 i - a potion of attraction {unknown}


   Skills:
 + Level 2.4 Fighting
 + Level 2.8 Axes
 + Level 1.9 Throwing
 + Level 0.7 Armour
 + Level 2.5 Dodging
 + Level 0.3 Shields
 + Level 0.5 Evocations


You had one spell level left.
You didn't know any spells.
Your spell library was empty.

Dungeon Overview and Level Annotations

Branches:
Dungeon (2/15)

Altars:

Shops:
D:1 [

Annotations:
D:2 Sigmund


Innate Abilities, Weirdness & Mutations

You are immune to sickness and miasma.
Your stone body is resilient. (AC +2)
You are immune to poison.
You resist negative energy. (rN+)
You are resistant to electric shocks. (rElec)
You are resistant to unholy torment.
You are immune to petrification.


Message History

Sigmund closely misses you. The bat hits you but does no damage.
You closely miss Sigmund.
Sigmund is moderately wounded.
You completely miss the bat. The bat hits you but does no damage.
Sigmund hits you with a +0 scythe.
You hit Sigmund but do no damage.
Sigmund is moderately wounded.
You hit the bat.
You kill the bat!
Sigmund hits you with a +0 scythe!
* * * LOW HITPOINT WARNING * * *
You are too injured to fight recklessly!
You are too injured to fight recklessly!
You are too injured to fight recklessly!
You are too injured to fight recklessly!
You are too injured to fight recklessly!
You are too injured to fight recklessly!
You are too injured to fight recklessly!
You are too injured to fight recklessly!
You are too injured to fight recklessly!
You are too injured to fight recklessly!
You are too injured to fight recklessly!
You are too injured to fight recklessly!
You are too injured to fight recklessly!
You are too injured to fight recklessly!
You are too injured to fight recklessly!
You are too injured to fight recklessly!
You are too injured to fight recklessly!
You hit Sigmund.
Sigmund is heavily wounded.
You barely miss Sigmund.
Sigmund is heavily wounded.
Sigmund barely misses you.
You hit Sigmund but do no damage.
Sigmund is heavily wounded.
Sigmund hits you but does no damage.
You hit Sigmund.
Sigmund is heavily wounded.
Sigmund hits you with a +0 scythe.
You die...

. .## ... # #..
###.###.# #.......#
......†@# #. #@# #.
#.#####.# #.
#.......#### #.
#..#.#.#...# #. #$.#.#
.....#####.
#..#.#............
.###....#......######
#..[........[..#......
########.#.......#####


You could see Sigmund.

Vanquished Creatures
  4 ball pythons (D:1)
  2 endoplasms (D:1)
  3 hobgoblins (D:1)
  4 bats
  A frilled lizard (D:1)
  2 goblins (D:1)
  A kobold (D:1)
17 creatures vanquished.

Notes
Turn   | Place    | Note
-------+----------+-------------------------------------------
     0 | D:1      | GorkyZ the Gargoyle Gladiator began the quest for the Orb.
     0 | D:1      | Reached XP level 1. HP: 12/12 MP: 1/1
    64 | D:1      | Found Ynwenour's Antique Armour Emporium.
   333 | D:1      | Reached XP level 2. HP: 14/18 MP: 2/2
  1006 | D:2      | Noticed Sigmund
  1022 | D:2      | Slain by Sigmund

Illustrated notes

Levels and vault maps discovered:
D:1:      psy_arrival_heroes, layout_basic, serial_shops, shop,
          hangedman_decor_points
D:2:      layout_loops_ring, serial_shops, nicolae_lakefront_shop, uniq_terence,
          uniq_sigmund

Action                   || total
-------------------------++-------
Melee: Hand axe          ||    46
       Punch             ||     1
 Stab: Distracted        ||     1
       Sleeping          ||     1
Armor: Leather armour    ||    10
       Plate armour      ||    11
Dodge: Dodged            ||    24
